 Dungeon Crawl Stone Soup version 0.29-a0-91-gdebf4667c2 (webtiles) character file.

Game seed: 17004530941024690794

3 toefungus the Skirmisher (level 1, 0/14 HPs)
             Began as a Gargoyle Monk on Feb 7, 2022.
             Slain by a jackal (1 damage)
             ... on level 1 of the Dungeon.
             The game lasted 00:03:03 (216 turns).

toefungus the Skirmisher (Gargoyle Monk)             Turns: 216, Time: 00:03:03

Health: 0/14       AC:  4    Str: 14    XL:     1   Next: 50%
Magic:  1/1        EV: 12    Int: 10    God:
Gold:   10         SH:  0    Dex: 12    Spells: 0/0 levels left

rFire   . . .      SeeInvis .   a - +0 mace
rCold   . . .      Faith    .   (no shield)
rNeg    + . .      Spirit   .   b - +0 robe
rPois   ∞          Reflect  .   (no helmet)
rElec   +          Harm     .   (no cloak)
rCorr   .          Rampage  .   (no gloves)
Will    .....                   (no boots)
Stlth   ++........              (no amulet)
HPRegen 0.04/turn               (no ring)
MPRegen 0.07/turn               (no ring)

@: no status effects
A: sickness immunity, AC +2, negative energy resistance 1, electricity
resistance, torment resistance 1, petrification resistance
a: no special abilities


You were on level 1 of the Dungeon.
You visited 1 branch of the dungeon, and saw 1 of its levels.

You collected 10 gold pieces.

Inventory:

Hand Weapons
 a - a +0 mace (weapon)
Armour
 b - a +0 robe (worn)
Jewellery
 d - a +6 ring of strength
Scrolls
 c - a scroll of fear {unknown}


   Skills:
 + Level 3.4 Fighting
 + Level 3.0 Maces & Flails
 + Level 2.4 Dodging
 + Level 2.2 Stealth


You couldn't memorise any spells.
You didn't know any spells.
Your spell library was empty.

Dungeon Overview and Level Annotations

Branches:
Dungeon (1/15)

Altars:


Innate Abilities, Weirdness & Mutations

You are immune to sickness and miasma.
Your stone body is resilient. (AC +2)
You are immune to poison.
You resist negative energy. (rN+)
You are resistant to electric shocks. (rElec)
You are resistant to unholy torment.
You are immune to petrification.


Message History

2 jackals and a rat come into view.
Found a hunting sling.
Found a faded altar of an unknown god.
The jackal barks!
The jackal closely misses you.
You closely miss the jackal.
The jackal bites you but does no damage.
The jackal misses you. The jackal barely misses you.
The jackal bites you but does no damage.
The jackal barely misses you. x2
You completely miss the jackal. The jackal barely misses you.
The jackal misses you.
The jackal bites you but does no damage.
The jackal bites you.
* * * LOW HITPOINT WARNING * * *
The rat bites you but does no damage.
You closely miss the jackal. The jackal misses you.
The jackal bites you but does no damage.
The jackal barely misses you. x2; The jackal closely misses you.
The rat bites you but does no damage. The jackal closely misses you.
You hit the jackal.
The jackal is moderately wounded.
The jackal barely misses you.
The jackal bites you but does no damage.
The jackal barely misses you. The rat misses you.
The jackal closely misses you. The jackal bites you.
* * * LOW HITPOINT WARNING * * *
You hit the rat.
You kill the rat!
The jackal closely misses you. The jackal barely misses you.
The jackal misses you.
The jackal bites you but does no damage.
The jackal closely misses you. x2
The jackal barely misses you. The jackal misses you.
The jackal barely misses you.
You see here a rat corpse.
The jackal misses you.
You hit the jackal.
You kill the jackal!
The jackal bites you.
You die...

#.# .... ###.####....
#..>....... #..........
##.......# ###
#........# ###..
#...†h...### .#.#.#
#.#.#h..###.. #b#.#.#.
#.##_.@.###.###.#.#.#.#
#.###..........#.#.#.#.
#.#.#######.##..#.#.#.#
#.#......##.##.#.#.#.#.
#.######.....'..#.#.#.#
#......#.....#.#.#.#.#.
######.......##.#.#.#.#
#≈≈≈≈≈....###.#.#.#.
#≈###≈.#####.#.#.#.#


You could see 2 jackals.

Vanquished Creatures
  An endoplasm (D:1)
  A jackal (D:1)
  A quokka (D:1)
  A rat (D:1)
4 creatures vanquished.

Notes
Turn   | Place    | Note
-------+----------+-------------------------------------------
     0 | D:1      | toefungus the Gargoyle Monk began the quest for the Orb.
     0 | D:1      | Reached XP level 1. HP: 14/14 MP: 1/1
   206 | D:1      | Found a faded altar of an unknown god.
   216 | D:1      | Slain by a jackal

Illustrated notes

Levels and vault maps discovered:
D:1:      dpeg_arrival_long_road, layout_basic, serial_curves, eino_curves_01,
          eino_curves_03, eino_curves_01, ebering_ecumenical_altar_rust,
          chequers_garden, chequers_jeans, minmay_crystal_water, minivault_23

Action                   || total
-------------------------++-------
Melee: Mace              ||    17
 Stab: Sleeping          ||     1
Armor: Robe              ||    11
Dodge: Dodged            ||    33

Table legend: (Time is in decaauts)
 A = Elapsed time spent in this place.
 B = Non-inter-level travel time spent in this place.
 C = Inter-level travel time spent in this place.
 D = Time resting spent in this place.
 E = Time spent auto-exploring this place.
 F = Levels seen in this place.
 G = Mean time per level.
                   A        B        C        D        E       F      G
               +--------+--------+--------+--------+--------+-----+--------+
         Total |    222 |     51 |    171 |      0 |      0 |   1 |  222.0 |
       Dungeon |    222 |     51 |    171 |      0 |      0 |   1 |  222.0 |
               +--------+--------+--------+--------+--------+-----+--------+

Top non-repeatable levels by time:
     D:1: 222 daAuts
